 Dungeon Crawl Stone Soup version 0.29-a0-824-gd827844252 (webtiles) character file.

Game seed: 8683847278310455783

2613 gobodom the Magician (level 9, -11/59 HPs)
             Began as a Demonspawn Fire Elementalist on July 10, 2022.
             Was an Elder of Jiyva.
             Mangled by an orc warrior
             ... wielding a +0 battleaxe
              (32 damage)
             ... on level 5 of the Dungeon.
             The game lasted 00:33:05 (7876 turns).

gobodom the Magician (Demonspawn Fire Elementalist) Turns: 7876, Time: 00:33:05

Health: -11/59     AC:  1    Str:  9    XL:     9   Next: 34%
Magic:  14/19      EV: 14    Int: 26    God:    Jiyva [****..]
Gold:   405        SH:  0    Dex: 14    Spells: 8/21 levels left

rFire   + + .      SeeInvis .   B - +3 short sword (drain)
rCold   . . .      Faith    .   (no shield)
rNeg    . . .      Spirit   .   m - +2 robe {rC+ rF+}
rPois   .          Reflect  .   l - +0 helmet
rElec   .          Harm     .   (no cloak)
rCorr   +          Rampage  .   (no gloves)
Will    .....                   (boots unavailable)
Stlth   +++.......              w - amulet of regeneration
HPRegen 2.27/turn               g - ring of fire
MPRegen 0.56/turn               b - +6 ring of intelligence

@: corroded
A: claws 1, repulsion field 1, demonic magic 3, talons 3, eyeballs 1
a: Renounce Religion, Oozemancy, Slimify


You were on level 5 of the Dungeon.
You worshipped Jiyva.
Jiyva was greatly pleased with you.
You visited 1 branch of the dungeon, and saw 6 of its levels.
You also visited: Ossuary.

You collected 405 gold pieces.

Inventory:

Hand Weapons
 e - a +1 dagger of electrocution
 r - a +2 dagger of protection
 s - a +0 dagger of speed
 B - a +3 short sword of draining (weapon)
Missiles
 c - 2 throwing nets
 d - 5 javelins
Armour
 l - a +0 helmet (worn)
 m - a +2 robe of resistance (worn)
Jewellery
 b - a +6 ring of intelligence (right claw)
 g - a ring of fire (left claw)
 w - an amulet of regeneration (around neck)
Wands
 k - a wand of iceblast (11)
 C - a wand of charming (1)
Scrolls
 f - 2 scrolls of immolation
 h - a scroll of silence
 i - 5 scrolls of amnesia
 j - a scroll of fog
 n - 4 scrolls of poison
 o - 2 scrolls of magic mapping
 q - a scroll of teleportation
 t - 2 scrolls of fear
 y - 2 scrolls of enchant armour
 A - 2 scrolls of vulnerability {unknown}
Potions
 a - 4 potions of curing
 p - a potion of cancellation
 u - 2 potions of haste
 v - a potion of might
 x - 3 potions of brilliance
 z - a potion of berserk rage
 D - a potion of heal wounds {unknown}


   Skills:
 + Level 1.1 Fighting
 + Level 1.8 Short Blades
 + Level 2.3 Dodging
 + Level 5.5 Stealth
 + Level 0.3 Unarmed Combat
 + Level 6.9 Spellcasting
 + Level 5.5 Conjurations
 + Level 1.5 Translocations
 + Level 5.9 Fire Magic


You had 8 spell levels left.
You knew the following spells:

 Your Spells              Type           Power      Damage    Failure   Level
a - Foxfire               Conj/Fire      100%       2x1d9     1%          1
b - Scorch                Fire           100%       2d10      1%          2
c - Flame Wave            Conj/Fire      56%        2d11      6%          4
d - Passwall              Tmut/Erth      7%         N/A       10%         2
e - Passage of Golubria   Tloc           16%        N/A       32%         4

Your spell library contained the following spells:

 Spells                   Type           Power      Damage    Failure   Level
 Magic Dart               Conj           100%       1d8       1%          1
 Conjure Flame            Conj/Fire      56%        6-21      1%          3
 Inner Flame              Hex/Fire       36%        N/A       5%          3
 Sandblast                Erth           18%        2d7       6%          1
 Stone Arrow              Conj/Erth      46%        3d9       6%          3
 Mephitic Cloud           Conj/Pois/Air  18%        N/A       9%          3
 Call Imp                 Summ           9%         N/A       10%         2
 Silence                  Hex/Air        4%         N/A       87%         5
 Lehudib's Crystal Spear  Conj/Erth      11%        10d4      100%        8


Dungeon Overview and Level Annotations

Branches:
Dungeon (6/15)             Temple (0/1) D:6         Ossuary (visited)

Altars:
Ashenzari
Kikubaaqudgha
Jiyva

Shops:
D:5 **

Annotations:
D:4 1 transporter
D:6 1 runed translucent door, gdog's ghost, novice GnDe


Innate Abilities, Weirdness & Mutations

You have sharp fingernails.
You are surrounded by a mild repulsion field. (EV +2)
Spells you cast and wands you use may paralyse nearby enemies.
You have claws for feet.
Your body has grown eyes which may confuse attackers. (Acc +3)


Message History

Unknown command.
There is an open door here.
There is an open door here.
You swap places.
You swap places.
There is an open door here.
There is an open door here.
There is a stone staircase leading up here.
You can't go down here!
You climb upwards.
The orc warrior shouts!
The rust devil screeches!
The orc warrior shouts!
The orc warrior closely misses you.
The rust devil screeches!
Found a war axe, a flail and a scimitar.
There is a stone staircase leading down here.
Casting: Foxfire (safe; 1% risk of failure)
Confirm with . or Enter, or press ? or * to list all spells.
You feel a surge of power!
Flames lash the orc warrior.
The orc warrior resists.
The orc warrior is lightly wounded.
The orc warrior's fire resistance burns away.
Malevolent energies surge around you. The orc warrior closely misses you.
The orc warrior hits you with a +0 battleaxe!!
Casting: Scorch (safe; 1% risk of failure)
Confirm with . or Enter, or press ? or * to list all spells.
You feel a surge of power!
Flames lash the rust devil.
The rust devil completely resists.
Malevolent energies surge around you. The orc warrior closely misses you.
The rust devil misses you. The orc warrior misses you.
Casting: Scorch (safe; 1% risk of failure)
Confirm with . or Enter, or press ? or * to list all spells.
You feel a surge of power!
Flames lash the orc warrior.
The orc warrior is heavily wounded.
The orc warrior's fire resistance burns away.
Malevolent energies surge around you.
The orc warrior hits you with a +2 vorpal halberd.
The rust devil hits you! The rust devil corrodes you!
The orc warrior hits you with a +0 battleaxe!!
Ouch! That really hurt!
You die...

.####..................≈≈≈.≈♣##..
## #..#..............≈≈.≈≈..#..#
# #..##......#....#.≈≈≈.≈.....#
#.##...###.........≈≈≈......#
#....### ###....#..♣...J#...#
##...##)#'#)##...##.#######...
#....#♣.....♣#...##.# ##.... #
##...##......o##..##.# ##...##
###....# ...84.o@#.....####..####
.....#.##......4##..........## #
....##..#♣.....♣#...##.....## #
....###.##.#'#)##.#.##.##..# ##
....###..### ###..#.##.##J.## ##.
......##...###....#.##.###..###..
####..............#.##.###..#....
##.......####..#.##.##.......#
####.....#### #..#.##.##.....###


You could see 2 rust devils and 2 orc warriors.

Vanquished Creatures
  The ghost of Brotato the Shield-Bearer, a novice GnFi (D:5)
  Eustachio (D:6)
  Edmund (D:5)
  Menkaure (D:5)
  3 water moccasins
  4 ice beasts
  A black bear (D:5)
  An orc warrior (D:4)
  A sky beast (D:6)
  An ogre (D:5)
  Blork the orc (D:6)
  2 scorpions
  2 electric eels (D:6)
  A howler monkey (D:5)
  A crimson imp (D:3)
  2 orc priests
  A gnoll bouda (D:6)
  A hound (D:5)
  Jessica (D:2)
  2 iguanas
  8 mummies (Ossuary)
  8 gnolls
  7 adders
  2 worms (D:3)
  7 dart slugs
  12 orcs
  6 endoplasms
  5 goblins
  7 hobgoblins
  8 jackals
  3 quokkas
  11 ball pythons
  6 bats
  4 frilled lizards
  2 goblin skeletons (D:3)
  7 hobgoblin zombies
  7 kobolds
  3 kobold zombies
  2 orc skeletons (D:3)
  8 orc zombies
  4 rats
156 creatures vanquished.

Vanquished Creatures (collateral kills)
  4 foxfires
4 creatures vanquished.

Vanquished Creatures (others)
  2 black bears
  The ghost of zeratav the Stinger, an amateur OpVM (D:4)
  A scorpion (D:5)
  5 jellies
  An orc priest (D:6)
  An iguana (D:6)
  An adder (D:5)
  A gnoll (D:6)
  3 orcs (D:6)
  A kobold (D:4)
  3 quokkas
  598 foxfires
  52 plants
  A withered plant (D:3)
671 creatures vanquished.

Grand Total: 831 creatures vanquished

Notes
Turn   | Place    | Note
-------+----------+-------------------------------------------
     0 | D:1      | gobodom the Demonspawn Fire Elementalist began the quest
                  | for the Orb.
     0 | D:1      | Reached XP level 1. HP: 13/13 MP: 3/3
   569 | D:1      | Gained mutation: You have sharp fingernails. [demonic
                  | ancestry]
   569 | D:1      | Reached XP level 2. HP: 17/19 MP: 0/5
  1408 | D:2      | Gained mutation: Spells you cast may paralyse adjacent
                  | enemies. [demonic ancestry]
  1408 | D:2      | Reached XP level 3. HP: 24/24 MP: 3/6
  1526 | D:2      | Found a faded altar of an unknown god.
  1688 | D:2      | Noticed Jessica
  1695 | D:2      | Killed Jessica
  1966 | D:2      | Reached XP level 4. HP: 30/30 MP: 4/7
  2711 | D:3      | Gained mutation: Spells you cast may paralyse nearby
                  | enemies. [demonic ancestry]
  2711 | D:3      | Reached XP level 5. HP: 31/35 MP: 0/9
  2860 | D:3      | Noticed an ice beast
  2867 | D:3      | Killed an ice beast
  2868 | D:3      | Reached skill level 3 in Spellcasting
  2907 | D:3      | Found an ancient bone altar of Kikubaaqudgha.
  2978 | D:3      | Reached XP level 6. HP: 41/41 MP: 5/10
  2991 | D:3      | Reached skill level 1 in Short Blades
  3505 | D:2      | Prayed at the altar of an unknown god.
  3505 | D:2      | Became a worshipper of Jiyva Junycvip the Shapeless
  3505 | D:2      | Reached * piety under Jiyva
  3696 | D:4      | Noticed an orc warrior
  3705 | D:4      | Killed an orc warrior
  3717 | D:4      | Killed zeratav's ghost
  3771 | D:4      | Found a transporter.
  3949 | D:4      | Reached ** piety under Jiyva
  4510 | D:5      | Entered Level 5 of the Dungeon
  4510 | D:5      | Found Peidechi's Specific Store.
  4510 | D:5      | Found Rogeetot's General Store.
  4520 | D:5      | Found a sand-covered staircase.
  4522 | D:5      | Noticed an ice beast
  4528 | D:5      | Killed an ice beast
  4529 | D:5      | Gained mutation: Spells you cast and wands you use may
                  | paralyse nearby enemies. [demonic ancestry]
  4529 | D:5      | Reached XP level 7. HP: 46/46 MP: 7/12
  4537 | D:5      | Learned a level 2 spell: Scorch
  4542 | D:5      | Learned a level 4 spell: Flame Wave
  4543 | Ossuary  | Entered an ossuary
  4834 | D:5      | Reached skill level 4 in Spellcasting
  4874 | D:5      | Found a broken altar of Ashenzari.
  4933 | D:5      | Noticed Menkaure
  4938 | D:5      | Killed Menkaure
  4983 | D:5      | Gained mutation: You are surrounded by a mild repulsion
                  | field. (EV +2) [demonic ancestry]
  4983 | D:5      | Reached XP level 8. HP: 53/53 MP: 10/14
  5045 | D:5      | Reached skill level 5 in Spellcasting
  5064 | D:5      | Found a large runed translucent door.
  5064 | D:5      | Found a large runed translucent door.
  5065 | D:5      | Noticed Brotato's ghost (novice GnFi)
  5071 | D:5      | Noticed Edmund
  5087 | D:5      | Killed Edmund
  5088 | D:5      | Reached skill level 5 in Fire Magic
  5211 | D:5      | Reached *** piety under Jiyva
  5479 | D:5      | Gained mutation: You have sharp toenails. [Jiyva's grace]
  5479 | D:5      | Gained mutation: You have razor-sharp toenails. [Jiyva's
                  | grace]
  5479 | D:5      | Gained mutation: You have claws for feet. [Jiyva's grace]
  5479 | D:5      | Gained mutation: Your body has grown eyes which may confuse
                  | attackers. (Acc +3) [Jiyva's grace]
  6060 | D:5      | Learned a level 2 spell: Passwall
  6136 | D:5      | Learned a level 4 spell: Passage of Golubria
  6219 | D:5      | Killed Brotato's ghost
  6220 | D:5      | Reached skill level 5 in Stealth
  6220 | D:5      | Reached skill level 6 in Spellcasting
  6220 | D:5      | Reached skill level 5 in Conjurations
  6640 | D:6      | Reached skill level 1 in Fighting
  6640 | D:6      | Reached XP level 9. HP: 59/59 MP: 16/18
  6717 | D:6      | Noticed Blork the orc
  6738 | D:6      | Killed Blork the orc
  6739 | D:6      | Reached skill level 1 in Translocations
  6761 | D:6      | Found a staircase to the Ecumenical Temple.
  6854 | D:6      | Reached **** piety under Jiyva
  7059 | D:6      | Noticed Eustachio
  7064 | D:6      | Killed Eustachio
  7095 | D:6      | Found a runed translucent door.
  7098 | D:6      | Noticed gdog's ghost (novice GnDe)
  7873 | D:5      | Noticed a rust devil
  7873 | D:5      | Noticed a rust devil
  7873 | D:5      | Identified the +2 chain mail of Mafacam {Harm rF+ rC-
                  | Will++}
  7876 | D:5      | Mangled by an orc warrior

Illustrated notes

Levels and vault maps discovered:
D:1:      nicolae_arrival_washed_ashore, layout_basic
D:2:      layout_basic, shapermc_ecumenical_altar_mp_highgroup,
          minmay_fountain_box, uniq_jessica
D:3:      layout_rooms, nicolae_tso_besieged_by_evil, kiku_gazebo_garden_becter,
          grunt_ministairs_10, st_stairs_1, chequers_serial_rivers_small_3
D:4:      layout_basic, gammafunk_ghost_smash
D:5:      cheibrodos_iron_armory, layout_layer_cave,
          mainiacjoe_overflow_surrounded_room, zin_scriptorium,
          ebering_ghost_disaster_area, enter_ossuary_1, nicolae_specific_store,
          serial_bayou_pond_b, uniq_menkaure, uniq_edmund
D:6:      layout_basic, minmay_temple_entry_large_hall, serial_bayou,
          serial_bayou_pond_c, serial_bayou_shore_b, serial_bayou_pond_e,
          serial_bayou_shore_a, ebering_ghost_sewer_d, serial_bayou_crossing,
          uniq_eustachio, uniq_blork_the_orc

Skill      XL: |  1  2  3  4  5  6  7  8  9 |
---------------+----------------------------+-----
Fire Magic     | 3 4 5 |  5.9
Stealth        | 2 3 4 5 |  5.5
Conjurations   | 2 3 4 5 |  5.5
Dodging        | 2 |  2.3
Spellcasting   | 3 4 6 |  6.9
Short Blades   | 1 |  1.8
Fighting       | 1 |  1.1
Translocations | 1 |  1.5
Unarmed Combat | |  0.3

Action                   |  1- 3 |  4- 6 |  7- 9 || total
-------------------------+-------+-------+-------++-------
Melee: Unarmed           |    12 |       |       ||    12
       Dagger            |    16 |    28 |    11 ||    55
       Punch             |     1 |       |       ||     1
       Short sword       |       |       |    12 ||    12
       Kick              |       |       |     1 ||     1
 Cast: Foxfire           |    65 |   127 |   177 ||   369
       Scorch            |       |       |    12 ||    12
       Passage of Golubr |       |       |     4 ||     4
       Passwall          |       |       |     1 ||     1
  Use: Scroll            |     5 |     7 |     4 ||    16
       Potion            |       |     1 |       ||     1
 Stab: Paralysed         |     1 |    12 |     9 ||    22
       Sleeping          |       |     5 |       ||     5
Armor: Robe              |     2 |    10 |     3 ||    15
Dodge: Dodged            |    14 |    22 |    23 ||    59

Table legend: (Time is in decaauts)
 A = Elapsed time spent in this place.
 B = Non-inter-level travel time spent in this place.
 C = Inter-level travel time spent in this place.
 D = Time resting spent in this place.
 E = Time spent auto-exploring this place.
 F = Levels seen in this place.
 G = Mean time per level.
                   A        B        C        D        E       F      G
               +--------+--------+--------+--------+--------+-----+--------+
         Total |   7903 |   7074 |    829 |    101 |   5593 |   7 | 1129.0 |
       Dungeon |   7674 |   6845 |    829 |     70 |   5593 |   6 | 1279.0 |
       Ossuary |    228 |    228 |      0 |     31 |      0 |   1 |  228.0 |
               +--------+--------+--------+--------+--------+-----+--------+

Top non-repeatable levels by time:
     D:5: 1802 daAuts
     D:1: 1357 daAuts
     D:6: 1270 daAuts
     D:2: 1229 daAuts
     D:4: 1024 daAuts
     D:3: 989 daAuts
 Ossuary: 228 daAuts
